 Dungeon Sprint DCSS version 0.18-a0-1655-ge2d8d33 (webtiles) character file.

9600000 namelastname112 the Axe Maniac (level 27, -16/249 HPs)
             Began as a Demonspawn Gladiator on Mar 30, 2016.
             Was the Champion of Makhleb.
             Killed from afar by a wretched soul (73 damage)
             ... with a bolt of negative energy
             ... in the Dungeon (Sprint VIII: "Arena of Blood").
             The game lasted 00:02:00 (96 turns).

namelastname112 the Axe Maniac (Demonspawn Gladiator) Turns: 96, Time: 00:02:01

Health: -16/249    AC: 12    Str: 18    XL:     27
Magic:  38/54      EV: 36    Int: 11    God:    Makhleb [******]
Gold:   0          SH:  0    Dex: 23    Spells: 0 memorised, 80 levels left

rFire  . . .     SeeInvis .     l - +∞ Axe of Woe
rCold  + . .     Gourm    .     b - +0 leather armour
rNeg   . . .     Faith    .     (shield currently unavailable)
rPois  +         Spirit   .     c - +0 helmet
rElec  .         Dismiss  .     (no cloak)
rCorr  .         Reflect  .     (gloves unavailable)
SustAt .         Harm     .     (no boots)
MR     ++...     NoTele   +     (no amulet)
Stlth  +++++++++.               (no ring)
                                (no ring)

@: slowed, drained, very slow, very resistant to hostile enchantments,
incredibly stealthy
A: claws 3, slimy green scales 3, cold resistance 1, icemail, spiny 3,
augmentation 3, freezing cloud immunity
a: Minor Destruction, Lesser Servant of Makhleb, Major Destruction, Greater
Servant of Makhleb, Renounce Religion


You were in the Dungeon.
You worshipped Makhleb.
Makhleb was exalted by your worship.
You were not hungry.

You visited 1 branch

Inventory:

Hand Weapons
 a - a +0 war axe
 l - the +∞ Axe of Woe (weapon)
   (You found it in the Dungeon)
Missiles
 d - 3 throwing nets (quivered)
Armour
 b - a +0 leather armour (worn)
 c - a +0 helmet (worn)
Scrolls
 k - a scroll of blinking
Potions
 e - a potion of curing
 g - a potion of heal wounds
 h - a potion of haste
 i - 2 potions of magic
 j - a potion of berserk rage
Comestibles
 f - a bread ration


   Skills:
 O Level 27(25.5) Fighting
 O Level 27(25.5) Axes
 O Level 27(25.5) Throwing
 O Level 27(25.5) Armour
 O Level 27(25.5) Dodging
 O Level 27(25.5) Stealth
 O Level 27(25.5) Unarmed Combat
 O Level 27(25.5) Spellcasting
 O Level 27(25.5) Invocations


You had 80 spell levels left.
You didn't know any spells.

Dungeon Overview and Level Annotations

Branches:
Dungeon (1/1)

Altars:
Makhleb


Innate Abilities, Weirdness & Mutations

You have claws for hands.
You are completely covered in slimy green scales (AC +4, rPois).
Your flesh is cold resistant.
A meltable icy envelope protects you from harm (AC +0).
You are completely covered in sharp spines.
Your magical and physical power is greatly enhanced at high health.
You are immune to freezing clouds.


Message History

You hear a shout!
The eight-headed meat hydra is engulfed in roaring flames.
The eight-headed meat hydra calls on the powers of darkness!
The eight-headed meat hydra convulses!
Your body is wracked with pain!
The bag of meat convulses! x4; The large bag of meat convulses!
The meat beast bites you but does no damage.
The meat beast completely misses you. Something bites you!
Deactivating autopickup; reactivate with Ctrl-A.
The dread calls on the powers of darkness!
The bag of meat convulses!
Your body is wracked with pain!
* * * LOW HITPOINT WARNING * * *
The bag of meat convulses!
The large bag of meat convulses!
The bag of meat convulses! x2; The eight-headed meat hydra convulses!
The bag of meat convulses! x2
You hear a shout! x2
A bolt of negative energy appears from out of thin air!
The bolt of negative energy hits the small abomination.
The small abomination completely resists.
The bolt of negative energy hits you!
You feel drained.
You die...

....%...... .....
.%....... ......
#......W# ......
#.....%.# ......
.###...%...###......
......###)§)))..M...
......._.§D§).......
.O..#...§§#§x)....#.
. #_.M§_#§@)o..W..
#.oO.§#o2oC..#.#
...M._.o.2o....W..
......###zo....M..#.
.###.. Oo.o###......
#......o# ......
#.......# ......
.......2. ......


You could see 2 accurseds, 3 meat beasts, an eight-headed meat hydra, a sculptor
of flesh, a large bag of meat (inner flame), 3 dreads, a meat berserker
(berserk), a small abomination and 9 bags of meat.

Vanquished Creatures
  5 hell beasts (D)
  4 greater mummies (D)
  A great orb of eyes (D)
  4 wraiths (D)
  Harold (D)
  14 vampire knights (D)
  35 ogres (D)
  5 liches (D)
  A hydra (D)
  72 orcs (D)
  5 phantoms (D)
  8 hill giants (D)
  7 skeletal warriors (D)
  9 large abominations (D)
  3 small abominations (D)
  11 crawling corpses (D)
185 creatures vanquished.

Vanquished Creatures (others)
  An orc (D)
  7 crawling corpses (D)
8 creatures vanquished.

Grand Total: 193 creatures vanquished

Notes
Turn   | Place    | Note
--------------------------------------------------------------
     0 | D        | namelastname112 the Demonspawn Gladiator began the quest for the Orb.
     0 | D        | Reached XP level 1. HP: 16/16 MP: 1/1
     3 | D        | Noticed a bag of meat
     4 | D        | Became a worshipper of Makhleb the Destroyer
     5 | D        | Noticed a meat berserker
     5 | D        | Noticed a bag of meat
     7 | D        | Noticed a meat berserker
     8 | D        | Noticed a bag of meat
     8 | D        | Noticed a meat berserker
     8 | D        | Noticed a bag of meat
    10 | D        | Noticed a bag of meat
    10 | D        | Noticed a bag of meat
    11 | D        | Noticed a meat berserker
    11 | D        | Killed a meat berserker
    11 | D        | Reached skill level 10 in Throwing
    11 | D        | Gained mutation: You have sharp fingernails. [demonic ancestry]
    11 | D        | Reached XP level 2. HP: 39/39 MP: 2/2
    11 | D        | Reached XP level 3. HP: 45/45 MP: 3/3
    11 | D        | Reached XP level 4. HP: 52/52 MP: 4/4
    11 | D        | Reached XP level 5. HP: 58/58 MP: 5/5
    11 | D        | Reached XP level 6. HP: 65/65 MP: 6/6
    11 | D        | Gained mutation: You have very sharp fingernails. [demonic ancestry]
    11 | D        | Reached XP level 7. HP: 71/71 MP: 7/7
    11 | D        | Reached XP level 8. HP: 77/77 MP: 8/8
    11 | D        | Reached XP level 9. HP: 83/83 MP: 9/9
    11 | D        | Gained mutation: Your flesh is cold resistant. [demonic ancestry]
    11 | D        | Reached XP level 10. HP: 90/90 MP: 10/10
    11 | D        | Reached XP level 11. HP: 96/96 MP: 11/11
    11 | D        | Reached XP level 12. HP: 103/103 MP: 12/12
    11 | D        | Gained mutation: You are partially covered in slimy green scales (AC +2). [demonic ancestry]
    11 | D        | Reached XP level 13. HP: 109/109 MP: 13/13
    11 | D        | Noticed a bag of meat
    12 | D        | Noticed a large bag of meat
    12 | D        | Noticed a bag of meat
    12 | D        | Noticed a bag of meat
    12 | D        | Noticed a bag of meat
    12 | D        | Noticed a bag of meat
    12 | D        | Killed a meat berserker
    12 | D        | Reached * piety under Makhleb
    12 | D        | Gained mutation: You are immune to freezing clouds. [demonic ancestry]
    12 | D        | Reached XP level 14. HP: 71/120 MP: 14/14
    12 | D        | Killed a bag of meat
    12 | D        | Reached skill level 15 in Fighting
    12 | D        | Killed a meat berserker
    12 | D        | Reached ** piety under Makhleb
    12 | D        | Gained mutation: You are mostly covered in slimy green scales (AC +3). [demonic ancestry]
    12 | D        | Reached XP level 15. HP: 132/132 MP: 15/15
    12 | D        | Killed a meat berserker
    12 | D        | Reached XP level 16. HP: 143/143 MP: 16/16
    12 | D        | Reached *** piety under Makhleb
    12 | D        | Reached skill level 27 in Axes
    12 | D        | Reached skill level 15 in Throwing
    12 | D        | Reached skill level 27 in Dodging
    13 | D        | Noticed a meat berserker
    14 | D        | Noticed a meat berserker
    15 | D        | Gained mutation: You have claws for hands. [demonic ancestry]
    15 | D        | Reached XP level 17. HP: 162/162 MP: 17/17
    16 | D        | Noticed a meat berserker
    16 | D        | Reached **** piety under Makhleb
    17 | D        | Noticed a meat berserker
    17 | D        | Killed a meat berserker
    17 | D        | Reached skill level 27 in Fighting
    19 | D        | Noticed a meat berserker
    19 | D        | Reached ***** piety under Makhleb
    19 | D        | Gained mutation: Your magical and physical power is slightly enhanced at high health. [demonic ancestry]
    19 | D        | Reached XP level 18. HP: 182/182 MP: 18/18
    19 | D        | Reached skill level 27 in Throwing
    21 | D        | Killed a meat berserker
    21 | D        | Reached skill level 10 in Armour
    21 | D        | Reached skill level 10 in Unarmed Combat
    21 | D        | Reached skill level 10 in Spellcasting
    21 | D        | Reached XP level 19. HP: 189/189 MP: 18/33
    21 | D        | Killed a large bag of meat
    22 | D        | Killed a meat berserker
    22 | D        | Reached skill level 15 in Armour
    22 | D        | Reached skill level 15 in Unarmed Combat
    22 | D        | Reached skill level 15 in Spellcasting
    23 | D        | Noticed a meat berserker
    23 | D        | Reached ****** piety under Makhleb
    24 | D        | Killed a meat berserker
    24 | D        | Gained mutation: You are partially covered in sharp spines. [demonic ancestry]
    24 | D        | Reached XP level 20. HP: 197/197 MP: 18/41
    25 | D        | Noticed a meat berserker
    26 | D        | Killed a meat berserker
    26 | D        | Reached skill level 27 in Invocations
    26 | D        | Reached XP level 21. HP: 204/204 MP: 18/46
    27 | D        | Noticed a destroyer
    27 | D        | Noticed a destroyer
    29 | D        | Gained mutation: Your magical and physical power is enhanced at high health. [demonic ancestry]
    29 | D        | Reached XP level 22. HP: 212/212 MP: 19/51
    30 | D        | Noticed a destroyer
    30 | D        | Noticed a destroyer
    30 | D        | Reached skill level 27 in Stealth
    31 | D        | Reached skill level 27 in Armour
    31 | D        | Reached skill level 27 in Unarmed Combat
    31 | D        | Reached skill level 27 in Spellcasting
    31 | D        | Killed a destroyer
    31 | D        | Gained mutation: You are completely covered in slimy green scales (AC +4, rPois). [demonic ancestry]
    31 | D        | Reached XP level 23. HP: 219/219 MP: 20/54
    33 | D        | Noticed a destroyer
    34 | D        | Killed a destroyer
    34 | D        | Gained mutation: A meltable icy envelope protects you from harm (AC +0). [demonic ancestry]
    34 | D        | Reached XP level 24. HP: 227/227 MP: 20/54
    34 | D        | Killed a destroyer
    36 | D        | Noticed a destroyer
    37 | D        | Gained mutation: Your magical and physical power is greatly enhanced at high health. [demonic ancestry]
    37 | D        | Reached XP level 25. HP: 227/234 MP: 21/54
    39 | D        | Noticed a destroyer
    39 | D        | Killed a destroyer
    42 | D        | Killed a destroyer
    42 | D        | Gained mutation: You are mostly covered in sharp spines. [demonic ancestry]
    42 | D        | Reached XP level 26. HP: 242/242 MP: 22/54
    44 | D        | Killed a destroyer
    44 | D        | Gained mutation: You are completely covered in sharp spines. [demonic ancestry]
    44 | D        | Reached XP level 27. HP: 241/249 MP: 23/54
    48 | D        | Noticed a destroyer
    48 | D        | Noticed a tyrant
    48 | D        | Noticed an accursed
    48 | D        | Killed a destroyer
    50 | D        | Noticed a destroyer
    51 | D        | Killed a tyrant
    52 | D        | Noticed an accursed
    53 | D        | Noticed a destroyer
    53 | D        | Killed a destroyer
    55 | D        | Killed a destroyer
    56 | D        | Noticed a tyrant
    57 | D        | Noticed a tyrant
    57 | D        | Noticed a tyrant
    58 | D        | Killed a destroyer
    62 | D        | Noticed a destroyer
    63 | D        | Noticed an accursed
    66 | D        | Noticed a dread
    66 | D        | Noticed a destroyer
    66 | D        | Killed a tyrant
    66 | D        | Killed a destroyer
    67 | D        | Killed an accursed
    68 | D        | Noticed a dread
    69 | D        | Noticed an accursed
    69 | D        | Killed an accursed
    71 | D        | Noticed a dread
    72 | D        | Noticed The Servant
    72 | D        | Killed a dread
    73 | D        | Noticed a tyrant
    74 | D        | Noticed a meat beast
    74 | D        | Killed a dread
    75 | D        | Noticed a destroyer
    75 | D        | Killed an accursed
    77 | D        | Killed a tyrant
    77 | D        | Killed a destroyer
    79 | D        | Killed a tyrant
    79 | D        | Killed a destroyer
    79 | D        | Killed a dread
    81 | D        | Noticed a meat beast
    81 | D        | Killed a tyrant
    81 | D        | Killed a meat beast
    82 | D        | Noticed a dread
    82 | D        | Killed a meat beast
    83 | D        | Noticed a destroyer
    85 | D        | Noticed a meat beast
    85 | D        | Killed an accursed
    88 | D        | Killed a meat beast
    91 | D        | Noticed a meat beast
    92 | D        | Noticed an accursed
    92 | D        | Killed The Servant
    93 | D        | Noticed a meat beast
    93 | D        | Noticed a dread
    93 | D        | Killed a destroyer
    94 | D        | Noticed a meat beast
    94 | D        | Noticed an accursed
    94 | D        | Killed a meat beast
    94 | D        | Noticed a meat beast
    95 | D        | Noticed a dread
    95 | D        | Noticed a dread
    95 | D        | Killed a dread
    96 | D        | Killed a meat beast
    96 | D        | Killed from afar by a wretched soul

Vault maps used:
D:        meatsprint

Skill      XL: |  1  2  3  4  5  6  7  8  9 10 11 12 13 14 15 16 17 18 19 20 21 22 |
---------------+-------------------------------------------------------------------+-----
Fighting       | 12 14 16 17 22 27 | 27.0
Axes           | 19 21 24 26 27 | 27.0
Throwing       | 10 11 13 14 18 25 27 | 27.0
Dodging        | 18 21 24 26 27 | 27.0
Armour         | 10 17 21 25 27 | 27.0
Stealth        | 11 19 23 26 27 | 27.0
Unarmed Combat | 10 17 21 25 27 | 27.0
Spellcasting   | 10 17 21 25 27 | 27.0
Invocations    | 14 23 27 | 27.0

Action                   |  1- 3 |  4- 6 |  7- 9 | 10-12 | 13-15 | 16-18 | 19-21 | 22-24 | 25-27 || total
-------------------------+-------+-------+-------+-------+-------+-------+-------+-------+-------++-------
Melee: Executioner's axe |     1 |       |       |       |     1 |     6 |     8 |     7 |    52 ||    75
